 Dungeon Crawl Stone Soup version 0.31-b1-20-g67cafac56d (webtiles) character file.

Game seed: 9294418958302712320

1121 Hubris850 the Ruffian (level 8, 0/61 HPs)
             Began as a White Draconian Shapeshifter on Jan 17, 2024.
             Was a Follower of Okawaru.
             Slain by a two-headed ogre
             ... wielding a +0 giant spiked club
              (4 damage)
             ... on level 6 of the Dungeon on Jan 18, 2024.
             The game lasted 00:09:26 (3949 turns).

Hubris850 the Ruffian (DrSh)                        Turns: 3949, Time: 00:09:26

Health: 0/61       AC:  6    Str: 16    XL:     8   Next: 12%
Magic:  0/8        EV: 13    Int: 17    God:    Okawaru [*.....]
Gold:   176        SH:  0    Dex: 13    Spells: 7/7 levels left

rFire   . . .        u - +4 war axe
rCold   + . .        (no shield)
rNeg    . . .        (body armour unavailable)
rPois   .            (helmet currently unavailable)
rElec   .            (cloak currently unavailable)
rCorr   .            (gloves currently unavailable)
SInv    .            (boots currently unavailable)
Will    .....        a - amulet of guardian spirit
Stlth   +            g - +6 ring of intelligence
HPRegen 0.30/turn    (no ring)
MPRegen 0.11/turn

%: guardian spirit
@: beast-form
A: beast (slay +3), breathe frost, AC +6, unfitting armour, cold resistance 1,
cold-blooded
a: Breathe Frost, Begin Untransformation, Renounce Religion, Heroism


You were on level 6 of the Dungeon.
You worshipped Okawaru.
Okawaru was aware of your devotion.
You were a hulking beast.
You visited 2 branches of the dungeon, and saw 7 of its levels.

You collected 176 gold pieces.

Inventory:

Hand Weapons
 p - a +1 whip of electrocution
 u - a +4 war axe (weapon)
Missiles
 y - 4 poisoned darts (quivered)
Jewellery
 a - an amulet of guardian spirit (around neck)
 g - a +6 ring of intelligence (left hand)
 B - a ring of wizardry
Talismans
 b - a beast talisman
 c - a flux talisman
 m - a beast talisman
Wands
 A - a wand of light (7)
Scrolls
 d - a scroll of poison {unknown}
 e - 3 scrolls of teleportation {unknown}
 h - 3 scrolls of fear {unknown}
 k - 6 scrolls of identify {unknown}
 l - a scroll of noise {unknown}
 n - a scroll of revelation {unknown}
 s - a scroll of amnesia {unknown}
 w - a scroll of vulnerability {unknown}
Potions
 f - 2 potions of enlightenment {unknown}
 i - a potion of haste {unknown}
 j - 3 potions of curing {unknown}
 o - a potion of degeneration {unknown}
 q - 2 potions of mutation {unknown}
 r - a potion of attraction {unknown}
 t - a potion of berserk rage {unknown}
 v - a potion of cancellation {unknown}
 x - a potion of resistance {unknown}
 z - a potion of lignification


   Skills:
 - Level 2.0 Fighting
 - Level 3.5 Dodging
 + Level 6.9 Unarmed Combat
 + Level 6.4 Shapeshifting


You had 7 spell levels left.
You didn't know any spells.
Your spell library contained the following spells:

 Spells                   Type           Power      Damage    Failure   Level
 Apportation              Tloc           0%         N/A       24%         1
 Necrotise                Necr           0%         1d4       24%         1
 Jinxbite                 Hex            0%         N/A       34%         2
 Vampiric Draining        Necr           0%         2d6       56%         3
 Alistair's Intoxication  Alch           0%         N/A       100%        5
 Curse of Agony           Necr           0%         N/A       100%        5
 Martyr's Knell           Necr/Summ      Unusable   N/A       N/A         4

Dungeon Overview and Level Annotations

Branches:
Dungeon (6/15)             Temple (1/1) D:5

Altars:
Ashenzari
Dithmenos
Fedhas
Gozag
Hepliaklqana
Okawaru
Qazlal
Ru
Sif Muna
Trog
Uskayaw
Xom
Yredelemnul
Zin
The Shining One


Innate Abilities, Weirdness & Mutations

You are a hulking beast.
Your limbs bulge with bestial killing power. (Slay +3)
You can breathe waves of freezing cold which knock back foes.
Your icy white scales are hard. (AC +6)
You cannot fit into any form of body armour.
Your flesh is cold resistant. (rC+)
You are cold-blooded and may be slowed by cold attacks.


Message History

The orc hits you from afar with a +0 trident.
The orc barely misses you.
Items here: )) [ ††.
You slash the orc!
You kill the orc!
Okawaru accepts your kill.
You slash the orc!
You kill the orc!
Okawaru accepts your kill.
Things that are here:
a +0 club; a +0 trident
Things that are here:
a +0 club; a +0 trident
Items here: )) [ ††.
You start resting.
Magic restored.
Things that are here:
a +0 club; a +0 trident An orc comes into view.
It is wielding a +0 short sword of draining.
The orc shouts!
Found a scroll labelled PUES GOATRANTU.
You barely miss the two-headed ogre. You tail-slap the two-headed ogre.
The two-headed ogre is lightly wounded.
The two-headed ogre completely misses you.
The two-headed ogre hits you with a +0 giant club!
You slash the two-headed ogre!
The two-headed ogre is lightly wounded.
The two-headed ogre misses you.
The two-headed ogre hits you with a +0 giant club!!
You hit the two-headed ogre. You tail-slap the two-headed ogre.
The two-headed ogre is moderately wounded.
The two-headed ogre barely misses you.
The two-headed ogre hits you with a +0 giant club!!
* * * LOW HITPOINT WARNING * * *
You barely miss the two-headed ogre.
The two-headed ogre is moderately wounded.
The two-headed ogre hits you with a +0 giant spiked club!
* * * LOW HITPOINT WARNING * * *
The two-headed ogre hits you with a +0 giant club.
You die...

..#.# # #
#.#.#
?..#.#.#.#
##.#.#.#.#
.........#
≈≈≈≈≈≈≈..#
.....oO..#
.#####o≈h.#
≈.....#.≈..#
≈.#._.#.≈..#
≈.#.....≈..#
≈.#####.≈..#
≈.......≈..##
≈≈≈≈≈≈≈≈≈...#
............#
####.......#


You could see a two-headed ogre and 2 orcs.

Vanquished Creatures
  A black bear (D:5)
  2 ice beasts
  2 ogres
  A phantom (D:4)
  A scorpion (D:5)
  A bullfrog zombie (D:4)
  2 jellies (D:5)
  A bombardier beetle (D:3)
  3 iguanas
  A centaur skeleton (D:4)
  Natasha (thrice) (D:4)
  An orc wizard (D:6)
  A hound skeleton (D:4)
  12 adders
  A howler monkey simulacrum (D:4)
  2 adder zombies
  An adder skeleton (D:4)
  A dart slug (D:5)
  4 orcs
  A bat (D:1)
  8 endoplasms
  3 giant cockroaches
  9 goblins
  8 hobgoblins
  3 jackals (D:3)
  5 quokkas
  5 ball pythons
  A ball python zombie (D:3)
  3 frilled lizards
  A giant cockroach zombie (D:3)
  16 kobolds
  3 rats
107 creatures vanquished.

Notes
Turn   | Place    | Note
-------+----------+-------------------------------------------
     0 | D:1      | Hubris850 the Draconian Shapeshifter began the quest for
                  | the Orb.
     0 | D:1      | Reached XP level 1. HP: 16/16 MP: 1/1
   135 | D:1      | Reached XP level 2. HP: 22/23 MP: 2/2
   308 | D:1      | Reached XP level 3. HP: 29/29 MP: 3/3
   716 | D:2      | Found a faded altar of an unknown god.
   833 | D:2      | Reached XP level 4. HP: 12/36 MP: 4/4
  1369 | D:3      | Reached XP level 5. HP: 26/41 MP: 3/5
  1594 | D:3      | Found a basalt altar of Yredelemnul.
  1706 | D:3      | Noticed an ice beast
  1711 | D:3      | Killed an ice beast
  2035 | D:3      | Reached XP level 6. HP: 48/48 MP: 6/6
  2238 | D:3      | Found a hide-covered altar of Uskayaw.
  2548 | D:4      | Reached skill level 5 in Unarmed Combat
  2697 | D:4      | Noticed Natasha
  2713 | D:4      | Killed Natasha
  2723 | D:4      | Reached skill level 5 in Shapeshifting
  2723 | D:4      | Your scales start taking on an icy white colour.
  2723 | D:4      | Reached XP level 7. HP: 5/55 MP: 2/7
  2723 | D:4      | Gained mutation: Your flesh is cold resistant. (rC+) [White
                  | Draconian growth]
  2814 | D:4      | Noticed Natasha
  2822 | D:4      | Killed Natasha
  2899 | D:4      | Identified the +0 dagger of Untruth {pain, rF++ Int-5
                  | Stlth+}
  2943 | D:4      | Noticed Natasha
  2948 | D:4      | Killed Natasha
  3010 | D:5      | Entered Level 5 of the Dungeon
  3038 | D:5      | Found a staircase to the Ecumenical Temple.
  3050 | Temple   | Entered the Ecumenical Temple
  3064 | Temple   | Became a worshipper of Warmaster Okawaru
  3348 | D:5      | Reached * piety under Okawaru
  3724 | D:5      | Reached XP level 8. HP: 53/61 MP: 8/8
  3882 | D:6      | Noticed a two-headed ogre
  3886 | D:6      | Found a stormy altar of Qazlal.
  3949 | D:6      | Slain by a two-headed ogre

Illustrated notes

Levels and vault maps discovered:
D:1:      minmay_arrival_widening_spiral_wide, layout_basic
D:2:      layout_loops_ring, ebering_ecumenical_altar_webs,
          minmay_misc_feat_doors, kennysheep_boxes
D:3:      layout_basic, nicolae_overflow_hidden_temple,
          nicolae_yredelemnul_corpse_copse, serial_curves, eino_curves_04,
          eino_curves_03, kennysheep_path_1
D:4:      layout_rooms, dilly_guarded_unrand_morg
D:5:      layout_cave_pods, minmay_temple_entry_glassed_door,
          chequers_serial_rivers_small_3
D:6:      layout_loops_ring, mainiacjoe_overflow_cross_hatched,
          mainiacjoe_overflow_brackets, gammafunk_temple_overflow_arena,
          ebering_dispersal_statue_hall, uniq_pikel
Temple:   nicolae_temple_no_exploring_needed

Skill      XL: |  1  2  3  4  5  6  7 |
---------------+----------------------+-----
Dodging        | 2 3 |  3.5
Fighting       | 2 |  2.0
Unarmed Combat | 4 5 6 |  6.9
Shapeshifting  | 4 5 6 |  6.4

Action                     |  1- 3 |  4- 6 |  7- 9 || total
---------------------------+-------+-------+-------++-------
  Melee: Unarmed           |    92 |    25 |       ||   117
         Tailslap          |     9 |    11 |    14 ||    34
         Punch             |     2 |     4 |     1 ||     7
         Whip              |       |    43 |       ||    43
         War axe           |       |    54 |    62 ||   116
    Use: Potion            |     1 |       |       ||     1
   Stab: Sleeping          |       |     2 |       ||     2
 Armour: Skin              |    46 |    85 |    50 ||   181
  Dodge: Dodged            |    53 |   108 |    53 ||   214
